[Event "5th Vardaris Open 2019"]
[Site "Thessaloniki"]
[Date "2019.03.11"]
[Round "7.2"]
[White "Kanakaris, Georgios"]
[Black "Betsakos, Konstantinos"]
[Result "1-0"]
[ECO "E11"]
[WhiteElo "2403"]
[BlackElo "2045"]
[Annotator "RC"]
[PlyCount "67"]
[EventDate "2019.02.27"]
[EventType "swiss"]
[EventCountry "GRE"]
[SourceTitle "playchess.com"]
[Source "ChessBase"]
[SourceQuality "1"]
[TimeControl "6000+30"]

1. d4 Nf6 2. Nf3 e6 3. c4 Bb4+ 4. Nbd2 b6 5. e3 Bb7 6. Bd3 c5 7. O-O cxd4 8. exd4 a5 9. a3 Be7 10. b3 O-O 11. Qe2 d5 12. Bb2 a4 13. bxa4 Rxa4 14. Ne5 dxc4 15. Ndxc4 Nc6 16. Rfd1 g6 17. Qc2 Ra7 18. Ne3 Qa8 19. N5g4 Nd5 20. Nxd5 exd5 21. Qc1 Qb8 22. Bb5 Qd6 23. a4 Bc8 24. Nh6+ Kg7 25. Qxc6 Kxh6 26. Rac1 Bd7 27. Qxd6 Bxd6 28. Bc6 Bxc6 29. Rxc6 Be7 30. Rxb6 Rxa4 31. Rb5 Rb4 32. Bc1+ Kg7 33. Rxd5 Rb1 34. Bh6+ 1-0